 Dungeon Crawl Stone Soup version 0.16-a0-3593-g1073268 (webtiles) character file.

1284591 ketsa the Imperceptible (level 27, 178/192 (199) HPs)
             Began as a Halfling Assassin on Nov 27, 2014.
             Was a High Priest of Ashenzari.
             Escaped with the Orb
             ... and 3 runes on Jan 11, 2015!
             The game lasted 14:22:31 (136362 turns).

ketsa the Imperceptible (Halfling Assassin)       Turns: 136362, Time: 14:22:31

HP:   178/192 (199) AC: 24    Str: 18      XL:     27
MP:   35/35         EV: 41    Int: 14 (15) God:    Ashenzari [*****.]
Gold: 3166          SH: 18    Dex: 30      Spells: 9 memorised, 19 levels left

rFire  + + .     SeeInvis +     a - +9 scimitar (flame)
rCold  + + .     Clarity  +     e - +4 troll leather armour
rNeg   . . .     SustAb   +     p - +2 shield {AC+3} (curse)
rPois  +         Gourm    .     Q - +2 helmet {Int+3}
rElec  +         Spirit   .     i - +2 cloak {+Inv} (curse)
rCorr  +         Warding  .     l - +2 pair of gloves "Komiop" {+Rage rF+ Str+2 Int+1 SInv} (curse)
rMut   +         Stasis   .     T - +1 pair of boots
MR     ++++.                    u - amulet of resist mutation
Stlth  ++++......               A - ring of Phucvug {SustAb MR++ Slay+4}
                                G - ring of Chowangu {+Rage rElec rC+ Int+1}

@: mighty, agile, resistant, very slightly contaminated, hasted, invisible, very
quick, incredibly resistant to hostile enchantments, stealthy
A: clumsy 1, dopey 1, low mp 1, mutation resistance 1, slow healing 1
a: Scrying, Transfer Knowledge, Renounce Religion, Evoke Berserk Rage
0: Orb of Zot
}: 3/15 runes: barnacled, silver, gossamer


You escaped.
You worshipped Ashenzari.
Ashenzari was extremely pleased with you.
You were very hungry.

You visited 12 branches of the dungeon, and saw 63 of its levels.
You also visited: Labyrinth and Ossuary.

You collected 6716 gold pieces.
You spent 3550 gold pieces at shops.

Inventory:

Hand weapons
 a - a +9 scimitar of flaming (weapon)
 b - the +3 short sword "Gutaofat" {freeze, +Fly rPois rF++ rC+}
   (You found it on level 2 of the Depths)

   It has been specially enchanted to freeze those struck by it, causing extra
   injury to most foes and up to half again as much damage against particularly
   susceptible opponents.
   It can also slow down cold-blooded creatures.
   It greatly protects you from fire.
   It protects you from cold.
   It protects you from poison.
   It lets you fly.
 c - the +2 demon blade of Klots {vamp, rF++}
   (You found it on level 3 of the Orcish Mines)

   It inflicts no extra harm, but heals its wielder somewhat when it strikes a
   living foe.
   It greatly protects you from fire.
 q - a +1 antimagic scimitar
 B - a +6 dagger of holy wrath
 E - a +2 scimitar of holy wrath
 M - the -1 rapier "Ucusyceb" {holy, rN+}
   (You found it on level 5 of the Vaults)

   It has been blessed by the Shining One to cause great damage to the undead
   and demons.
   It protects you from negative energy.
Armour
 e - a +4 troll leather armour (worn)
 i - a cursed +2 cloak of invisibility (worn)
 l - the cursed +2 pair of gloves "Komiop" (worn) {+Rage rF+ Str+2 Int+1 SInv}
   (You acquired it on level 5 of the Depths)

   It affects your strength (+2).
   It affects your intelligence (+1).
   It protects you from fire.
   It enhances your eyesight.
   It lets you go berserk.
   It has a curse placed upon it.
 p - a cursed +2 shield of protection (worn)
 F - a +2 robe of resistance
 Q - a +2 helmet of intelligence (worn)
 T - a +1 pair of boots (worn)
 W - the +6 fire dragon armour of Articulation {rF++ rC- Int-2}
   (You found it on level 3 of the Elven Halls)

   It affects your intelligence (-2).
   It greatly protects you from fire.
   It makes you vulnerable to cold.
Jewellery
 r - the ring of the Lonely Curses {rPois Slay+4}
   (You bought it in a shop on level 3 of the Shoals)

   [ring of poison resistance]

   It affects your accuracy and damage with ranged weapons and melee attacks
   (+4).
   It protects you from poison.
 u - an amulet of resist mutation (around neck)
 w - the ring of Klemypha {Str+5 Int+3 Slay+3}
   (You found it in a labyrinth)

   [ring of slaying]

   It affects your strength (+5).
   It affects your intelligence (+3).
   It affects your accuracy and damage with ranged weapons and melee attacks
   (+3).
 A - the ring of Phucvug (right hand) {SustAb MR++ Slay+4}
   (You found it in a labyrinth)

   [ring of sustain abilities]

   It sustains your strength, intelligence and dexterity.
   It affects your accuracy and damage with ranged weapons and melee attacks
   (+4).
   It affects your resistance to hostile enchantments.
 G - the ring of Chowangu (left hand) {+Rage rElec rC+ Int+1}
   (You found it on level 2 of the Depths)

   [ring of protection from cold]

   It affects your intelligence (+1).
   It protects you from cold.
   It insulates you from electricity.
   It lets you go berserk.
 J - an uncursed amulet of guardian spirit
 K - an uncursed ring of protection from cold
 L - an uncursed ring of protection from fire
 X - an uncursed ring of positive energy
 Y - an uncursed ring of protection from magic
Magical devices
 h - a wand of hasting (1)
 o - a wand of teleportation (7)
 v - a wand of teleportation (4)
 R - a wand of digging (12)
Scrolls
 f - 19 scrolls of remove curse
 s - 4 scrolls of recharging
 t - 24 scrolls of identify
 y - 2 scrolls of teleportation
 C - 2 scrolls of fear
 H - 9 scrolls of fog
 O - a scroll of silence
Potions
 x - 4 potions of haste
 D - 5 potions of agility
 I - a potion of heal wounds
 N - 9 potions of curing
 U - 7 potions of might
 Z - 4 potions of resistance
Miscellaneous
 k - 2 phials of floods (1 inert)
 m - a stone of tremors
 n - a sack of spiders {used: 1}
 z - a lantern of shadows
 V - a fan of gales


   Skills:
 + Level 19.6 Fighting
 * Level 18.1(20.5) Short Blades
 - Level 13.6(16.0) Long Blades
 - Level 10.0 Throwing
 - Level 6.3 Armour
 - Level 18.1 Dodging
 + Level 23.7 Stealth
 - Level 12.7(15.0) Shields
 + Level 10.1 Spellcasting
 + Level 16.5 Charms
 - Level 14.7 Translocations
 - Level 7.0 Air Magic
 - Level 11.5 Evocations


You had 19 spell levels left.
You knew the following spells:

 Your Spells              Type           Power        Failure   Level  Hunger
a - Apportation           Tloc           #####.....   1%          1    None
b - Blink                 Tloc           N/A          1%          2    None
c - Repel Missiles        Chrm/Air       #####.       1%          2    None
d - Shroud of Golubria    Chrm/Tloc      ######....   1%          2    None
e - Swiftness             Chrm/Air       #####...     1%          2    None
f - Flight                Chrm/Air       #####.....   1%          3    #......
g - Passage of Golubria   Tloc           N/A          1%          4    ###....
h - Haste                 Chrm           ######..     1%          6    ######.
i - Phase Shift           Tloc           #####.....   1%          5    #####..


Dungeon Overview and Level Annotations

Branches:
Dungeon (15/15)            Temple (1/1) D:5            Lair (8/8) D:8
 Shoals (5/5) Lair:6       Spider (5/5) Lair:3        Slime (5/6) Lair:8
    Orc (4/4) D:10            Elf (3/3) Orc:4        Vaults (5/5) D:13
  Crypt (2/3) Vaults:2     Depths (5/5) D:15            Zot (5/5) Depths:5

Altars:
Ashenzari
Cheibriados
Dithmenos
Elyvilon
Fedhas
Gozag
Kikubaaqudgha
Makhleb
Nemelex Xobeh
Okawaru
Qazlal
Ru
Sif Muna
Trog
Vehumet
Xom
Yredelemnul
Zin
The Shining One
Beogh
Jiyva

Shops:
D:5 *   D:9 (   Orc:4 (*[:   Elf:2 [   Elf:3 :   Shoals:2 :   Shoals:3 =
Vaults:2 [   Vaults:5 =

Portals:
Hell: Depths:1 Depths:2 Depths:3 Depths:4 Depths:5
Abyss: Depths:1 Depths:4
Pandemonium: Depths:2 Depths:3
Ziggurat: Depths:1
Trove: Elf:1 (give 2 potions of cure mutation)

Annotations:
D:9 exclusion: 2 downstairs
D:11 1 exclusion
Lair:8 runed door
Shoals:4 exclusion: downstairs
Shoals:5 Ilsuiw
Orc:2 1 exclusion
Elf:2 runed door
Depths:1 Mara
Depths:2 exclusion: upstairs
Depths:5 kroki's ghost, mighty FeBe
Zot:2 exclusion: upstairs
Zot:3 exclusion: upstairs
Zot:5 exclusion: cacodemon


Innate Abilities, Weirdness & Mutations

You are small and have problems with some larger weapons.
You are somewhat resistant to further mutation.
You are clumsy. (Dex -2)
You are dopey. (Int -2)
Your magical capacity is low (-10% MP).
You heal slowly when monsters are visible.


Message History

There is an open door here.
You block the quasit's attack. x2
The quasit closely misses you.
There is a staircase leading out of the dungeon here.
You slice the quasit!! You burn the quasit.
You kill the quasit!
There is an open door here.
There is a staircase leading out of the dungeon here.
Drink which item? (? for menu, Esc to quit)
You feel yourself speed up.
You are very lightly contaminated with residual magic.
Drink which item? (? for menu, Esc to quit)
You feel agile all of a sudden.
Drink which item? (? for menu, Esc to quit)
You fade into invisibility!
Drink which item? (? for menu, Esc to quit)
You feel protected.
Drink which item? (? for menu, Esc to quit)
You feel very mighty all of a sudden.
You have escaped!

#..............# #..#####.#
#.##.##..####..#####..#####.#
#.##.##.....................###
#.##.................#######...
#.#####..#...........# #.##
#[...........###...#########.##
#########...##.##..# #........
#...#...#..# #.####...
#.{.+.@.'..# #.##....#
#...#...#..####.##.##..
#...##.##..............
#....###....######.####
#...........# ##.####
#...........# #.....#
#...........# #.....#
############# #.....# ##.....#


There were no monsters in sight!

Vanquished Creatures
  An ancient lich (Zot:5)
  A Killer Klown (Zot:5)
  Norris (Elf:3)
  5 golden dragons
  2 electric golems
  Nikola (Shoals:4)
  2 liches
  A Hell Sentinel (D:3)
  11 tentacled monstrosities
  A quicksilver dragon (Vaults:4)
  An azure jelly (shapeshifter) (Depths:2)
  25 Orb Guardians
  7 titans
  6 deep elf blademasters
  2 deep elf master archers (Elf:3)
  4 acid blobs
  3 sphinxes
  10 storm dragons
  An ancient champion (Crypt:1)
  5 shadow dragons
  A sphinx (shapeshifter) (Elf:3)
  A tengu reaver (Vaults:5)
  2 draconian monks
  7 fire giants
  12 frost giants
  3 azure jellies
  Wiglaf (Shoals:5)
  A ghost moth (shapeshifter) (Vaults:4)
  Maud (D:14)
  An orc warlord (Orc:4)
  3 iron dragons
  4 draconian knights
  9 ghost moths
  10 deep elf sorcerers
  Louise (Spider:1)
  2 cacodemons
  A balrug (Depths:2)
  A draconian zealot (Zot:2)
  15 vault wardens
  3 draconian scorchers
  4 draconian annihilators
  7 emperor scorpions
  3 ghouls (Crypt:1)
  A spriggan defender (Depths:4)
  4 draconian shifters
  2 reapers (Depths:3)
  23 very ugly things
  5 vampire knights
  15 stone giants
  7 rakshasas
  A draconian caller (Zot:3)
  8 grey draconians
  9 deep elf demonologists
  5 green draconians
  6 black draconians
  8 white draconians
  6 deep elf annihilators
  2 red draconians
  3 dire elephants
  5 mottled draconians
  5 pale draconians
  7 yellow draconians
  The ghost of mauris the Destroyer, a powerful HECj of Sif Muna (Lair:7)
  3 purple draconians
  27 ettins
  4 merfolk javelineers (Shoals:5)
  2 death oozes
  2 minotaurs
  2 crystal guardians
  4 deep elf death magi
  7 merfolk impalers
  3 jiangshi (Crypt:1)
  40 vault guards
  7 deep elf high priests
  23 fire dragons
  7 death cobs
  18 ironheart preservers
  4 spriggan air magi
  14 yaktaur captains
  Harold (D:9)
  19 ice dragons
  7 hydras
  The ghost of hackum the Cleaver, a powerful FoFi of Okawaru (D:10)
  11 centaur warriors
  12 great orbs of eyes
  A hydra (shapeshifter) (Elf:3)
  A merfolk avatar (Shoals:2)
  Erica (D:13)
  4 merfolk aquamancers
  An alligator snapping turtle (Shoals:2)
  15 deep troll earth magi
  16 deep troll shamans
  13 dancing weapons (Elf:2)
  16 ogre magi
  A satyr (Shoals:5)
  20 death yaks
  4 tengu warriors
  Urug (Orc:3)
  2 death knights (Crypt:1)
  9 spriggan berserkers
  5 orc high priests
  3 sun demons
  Nergalle (D:10)
  A catoblepas (Lair:8)
  A catoblepas (shapeshifter) (Vaults:2)
  Erolcha (D:8)
  2 shadow wraiths (Depths:4)
  3 hell knights (Depths:2)
  17 skeletal warriors
  2 fire crabs
  2 ice devils
  7 sea snakes
  9 hill giants
  6 iron trolls
  37 deep trolls
  3 flayed ghosts
  27 deep elf knights
  4 swamp dragons (Depths:3)
  6 unseen horrors
  2 giant orange brains
  15 ironbrand convokers
  9 deep elf summoners
  5 wizards
  22 orb spiders
  12 griffons
  20 orc knights
  A golden dragon skeleton (Depths:4)
  8 necromancers
  3 orc sorcerers
  An iron dragon zombie (Crypt:1)
  34 harpies
  A harpy (shapeshifter) (Depths:1)
  A tengu skeleton (Depths:4)
  4 shining eyes
  A lindwurm (Lair:8)
  2 stone giant zombies (Depths:1)
  28 wolf spiders
  72 ugly things
  8 cyclopes
  8 deep elf conjurers
  12 hornets
  A draconian (shapeshifter) (Vaults:2)
  16 moths of wrath
  5 phantasmal warriors
  2 moths of wrath (shapeshifter)
  12 fauns
  5 water nymphs
  A cyclops (shapeshifter) (Vaults:3)
  10 manticores
  4 centaur zombies
  7 sirens
  2 stone giant skeletons
  An eye of devastation (Slime:3)
  3 guardian serpents (shapeshifter)
  4 elephants
  A sixfirhy (D:9)
  Joseph (D:9)
  11 vault sentinels
  5 spiny frogs
  A rust devil (Vaults:5)
  An eye of devastation (shapeshifter) (Vaults:3)
  5 black mambas
  8 torpor snails
  An orange demon (Elf:3)
  Psyche (Orc:4)
  2 kobold demonologists
  9 komodo dragons
  An efreet (D:14)
  An elf (shapeshifter) (Vaults:3)
  An iron troll zombie (Depths:2)
  A yaktaur zombie (Vaults:4)
  A gargoyle (D:14)
  3 tengu conjurers
  4 guardian mummies (Crypt:1)
  A red devil (D:15)
  70 yaktaurs
  16 demonic crawlers
  4 fire drakes
  11 freezing wraiths
  A jumping spider (shapeshifter) (Vaults:2)
  18 deep elf priests
  2 polar bears
  A minotaur zombie (Lab)
  A queen bee (D:9)
  Sonja (D:10)
  23 merfolk
  9 trolls
  29 jumping spiders
  Prince Ribbit (D:8)
  3 giant leeches (Lair:8)
  A bog body (Crypt:1)
  19 blink frogs
  A queen bee (shapeshifter) (D:15)
  A wolf spider simulacrum (D:15)
  26 two-headed ogres
  120 slime creatures
  8 ravens
  2 baby alligators (shapeshifter)
  A fire giant simulacrum (Depths:4)
  A stone giant simulacrum (Depths:1)
  11 boulder beetles
  3 wyverns
  30 trapdoor spiders
  9 snapping turtles
  41 redbacks
  6 spriggans
  10 flying skulls
  5 shadows
  7 basilisks
  A griffon skeleton (Crypt:1)
  14 water elementals
  3 air elementals (Depths:3)
  4 chaos spawn
  42 yaks
  26 deep elf magi
  3 golden eyes (Slime:1)
  A ynoxinul (Zot:5)
  2 vampires
  8 wraiths
  32 tarantellas
  A steam dragon (Lair:8)
  A warg (shapeshifter) (Depths:3)
  19 hippogriffs
  A golden eye (shapeshifter) (Elf:1)
  4 large abominations (Depths:4)
  38 deep elf fighters
  20 vampire mosquitoes
  A neqoxec (D:12)
  18 wolves
  A mottled dragon (shapeshifter) (D:15)
  Edmund (D:9)
  3 hungry ghosts
  7 mottled dragons
  A soldier ant (D:12)
  14 water moccasins
  9 wargs
  2 swamp worms (Depths:3)
  8 porcupines
  An eye of draining (shapeshifter) (Vaults:4)
  2 black bears (shapeshifter)
  3 human skeletons
  25 spiders
  6 sky beasts
  A phantom (D:10)
  63 ogres
  12 boggarts
  3 eyes of draining
  55 orc warriors
  4 swamp drakes
  A swamp dragon zombie (Crypt:1)
  11 wasps
  6 necrophages
  A black bear (D:6)
  4 boring beetles
  5 ice beasts
  32 centaurs
  14 crocodiles
  8 big kobolds
  A centaur (shapeshifter) (D:13)
  27 giant frogs
  8 brain worms
  Blork the orc (D:8)
  A draconian skeleton (Crypt:1)
  A wyvern zombie (D:9)
  2 gnoll sergeants
  A salamander skeleton (Crypt:1)
  6 scorpions
  5 wights
  44 killer bees
  2 electric eels (Spider:3)
  2 spriggan skeletons (Lab)
  2 goliath beetles (Spider:3)
  10 small abominations
  11 crimson imps
  3 giant frog zombies (D:10)
  3 human zombies
  12 jellies
  36 orc priests
  18 hounds
  2 quasits
  10 iguanas
  7 centaur skeletons
  A hell rat (Elf:3)
  A giant frog skeleton (D:10)
  31 orc wizards
  43 sheep
  12 worker ants
  Jessica (D:2)
  A hound zombie (D:5)
  9 mummies
  2 hound skeletons
  14 gnolls
  56 river rats
  5 shadow imps
  31 adders
  12 white imps (Spider:2)
  17 worms
  4 adder zombies
  A sheep zombie (Crypt:1)
  6 giant geckos
  249 orcs
  5 ball pythons
  2 bat zombies
  4 giant cockroaches
  19 goblins
  19 hobgoblins
  19 jackals
  47 kobolds
  33 bats
  8 giant newts
  2 giant spores
  2 hobgoblin zombies (Ossuary)
  A jackal skeleton (Crypt:1)
  2 jackal zombies (Ossuary)
  A kobold zombie (Ossuary)
  A lava orc skeleton (Crypt:1)
  An orc skeleton (Crypt:1)
  3 orc zombies
  13 quokkas
  A quokka skeleton (D:6)
  29 rats
  60 ballistomycetes
  3 crawling corpses
  7 fungi
  11 plants
3205 creatures vanquished.

Vanquished Creatures (collateral kills)
  A vampire knight (Crypt:1)
  A deep troll shaman (Vaults:4)
  4 skeletal warriors (Crypt:1)
  A phantasmal warrior (Crypt:1)
  2 flying skulls (Crypt:1)
9 creatures vanquished.

Vanquished Creatures (others)
  3 tengu reavers (Vaults:4)
  A fire giant (Depths:5)
  A draconian scorcher (Zot:2)
  A draconian zealot (Zot:3)
  A deep elf sorcerer (Elf:3)
  A deep elf annihilator (Elf:3)
  A deep elf death mage (Elf:3)
  2 orc high priests
  2 water elementals (D:3)
  8 drowned souls (Shoals:2)
  A demonic crawler (Spider:5)
  2 air elementals
  A red devil (Zot:5)
  2 two-headed ogres
  A raven (shapeshifter) (Vaults:2)
  2 deep elf magi
  A trapdoor spider (Vaults:4)
  A redback (Vaults:4)
  13 shadows
  3 deep elf fighters
  A warg (Vaults:5)
  A swamp worm (Depths:3)
  A wasp (Depths:5)
  A spider (Vaults:4)
  2 ogres (Vaults:4)
  A lost soul (Elf:3)
  2 boggarts (Depths:4)
  An orc priest (Vaults:1)
  6 orcs
  A goblin (Orc:4)
  A quokka (Lair:5)
  12 giant spores (D:10)
  A hobgoblin zombie (Ossuary)
  A rat zombie (Ossuary)
  7 fungi
  8 plants
95 creatures vanquished.

Grand Total: 3309 creatures vanquished

Notes
Turn   | Place    | Note
--------------------------------------------------------------
     0 | D:1      | ketsa, the Halfling Assassin, began the quest for the Orb.
     0 | D:1      | Reached XP level 1. HP: 14/14 MP: 1/1
   178 | D:1      | Reached XP level 2. HP: 10/19 MP: 2/2
   571 | D:1      | Reached XP level 3. HP: 21/24 MP: 3/3
   811 | D:1      | Reached skill level 5 in Stealth
  1177 | D:2      | Reached XP level 4. HP: 29/29 MP: 4/4
  1581 | D:2      | Noticed Jessica
  1971 | D:2      | Killed Jessica
  2188 | D:2      | Reached XP level 5. HP: 34/34 MP: 5/5
  2537 | D:3      | Reached skill level 5 in Short Blades
  3570 | D:3      | Reached skill level 6 in Short Blades
  3570 | D:3      | Reached XP level 6. HP: 39/39 MP: 6/6
  4733 | D:5      | Entered Level 5 of the Dungeon
  5024 | D:4      | Noticed a two-headed ogre
  5025 | D:4      | Reached XP level 7. HP: 44/44 MP: 7/7
  5046 | D:4      | Killed a two-headed ogre
  5046 | D:4      | Reached skill level 7 in Short Blades
  5528 | D:5      | Found a sparkling altar of Nemelex Xobeh.
  5528 | D:5      | Found a burning altar of Makhleb.
  5541 | D:5      | Noticed an ice beast
  5559 | D:5      | Found Throed's Assorted Antiques.
  6069 | D:5      | Found a staircase to the Ecumenical Temple.
  6079 | Temple   | Entered the Ecumenical Temple
  6494 | Temple   | Became a worshipper of Ashenzari the Shackled
  7191 | D:6      | Reached skill level 8 in Short Blades
  7191 | D:6      | Reached XP level 8. HP: 49/49 MP: 8/8
  7485 | D:5      | Reached skill level 9 in Short Blades
  7585 | D:6      | Reached skill level 5 in Dodging
  8560 | D:7      | Found a sand-covered staircase.
  8565 | Ossuary  | Entered an ossuary
  8587 | Ossuary  | Reached skill level 10 in Short Blades
  8587 | Ossuary  | Reached XP level 9. HP: 54/54 MP: 9/9
  9009 | D:6      | Found an iron altar of Okawaru.
  9013 | D:6      | Found a shadowy altar of Dithmenos.
  9014 | D:6      | Found a snail-covered altar of Cheibriados.
  9559 | D:7      | Found an opulent altar of Gozag.
  9559 | D:7      | Found a glowing silver altar of Zin.
  9608 | D:7      | Found a deep blue altar of Sif Muna.
  9924 | D:8      | Noticed Erolcha
 10069 | D:8      | Noticed Blork the orc
 10099 | D:8      | Killed Blork the orc
 10248 | D:8      | Paralysed by Erolcha for 4 turns
 10259 | D:8      | Killed Erolcha
 10441 | D:8      | Found a staircase to the Lair.
 10668 | D:8      | Reached skill level 5 in Throwing
 10717 | D:8      | Reached XP level 10. HP: 63/63 MP: 10/10
 11303 | D:8      | Noticed Prince Ribbit
 11309 | D:8      | Killed Prince Ribbit
 11309 | D:8      | Reached skill level 11 in Short Blades
 12181 | D:9      | Found Goaferat's Weapon Emporium.
 12312 | D:9      | Reached skill level 5 in Fighting
 12312 | D:9      | Reached skill level 10 in Stealth
 12980 | D:9      | Reached XP level 11. HP: 72/72 MP: 11/11
 13046 | D:9      | Noticed Edmund
 13072 | D:9      | Killed Edmund
 13076 | D:9      | Noticed Joseph
 13132 | D:9      | Killed Joseph
 13695 | D:10     | Entered Level 10 of the Dungeon
 13695 | D:10     | Noticed Nergalle
 13701 | D:10     | Killed Nergalle
 13718 | D:10     | Noticed a hill giant
 13907 | D:10     | Noticed Sonja
 13944 | D:10     | Noticed hackum's ghost (powerful FoFi)
 13960 | D:10     | Noticed a cyclops
 13998 | D:10     | Noticed Harold
 14039 | D:9      | Killed Harold
 14288 | D:10     | Found a staircase to the Orcish Mines.
 14453 | D:10     | Killed a cyclops
 15090 | D:10     | Killed Sonja
 15575 | D:10     | Killed a hill giant
 16141 | Orc:1    | Entered Level 1 of the Orcish Mines
 16177 | D:10     | Noticed a hill giant
 16217 | D:10     | Killed a hill giant
 16217 | D:10     | Reached XP level 12. HP: 66/78 MP: 9/12
 16845 | D:10     | Reached skill level 10 in Dodging
 18378 | Lair:1   | Entered Level 1 of the Lair of Beasts
 18496 | Lair:1   | Noticed a seven-headed hydra
 18732 | D:5      | Bought a glowing cloak for 135 gold pieces
 18732 | D:5      | Bought a pair of boots for 135 gold pieces
 19241 | D:11     | Reached skill level 12 in Stealth
 19915 | D:10     | Killed hackum's ghost
 20284 | D:11     | Noticed a seven-headed hydra
 22070 | D:12     | Reached XP level 13. HP: 73/86 MP: 13/13
 22302 | D:12     | Reached skill level 10 in Throwing
 22849 | D:12     | Reached skill level 1 in Long Blades
 22849 | D:12     | Reached skill level 1 in Evocations
 22946 | D:13     | Reached skill level 13 in Stealth
 23139 | D:13     | Found a gate to the Vaults.
 23139 | D:13     | Noticed a vault guard
 23139 | D:13     | Noticed a vault guard
 23140 | D:13     | Noticed a vault guard
 23727 | D:13     | Noticed a tengu warrior
 23732 | D:13     | Noticed a tengu warrior
 23769 | D:13     | Noticed a vault guard
 23769 | D:13     | Noticed a vault guard
 24542 | Orc:1    | Acquired Ashenzari's first power
 24559 | Orc:1    | Found a roughly hewn altar of Beogh.
 25560 | Orc:4    | Entered Level 4 of the Orcish Mines
 25562 | Orc:4    | Noticed Psyche
 26096 | Orc:3    | Noticed Urug
 26117 | Orc:3    | Killed Urug
 26259 | Orc:3    | Reached skill level 5 in Evocations
 26527 | Orc:4    | Acquired Ashenzari's second power
 26527 | Orc:4    | Found Xerohur's Antique Armour Shop.
 26527 | Orc:4    | Noticed an orc warlord
 27710 | Lair:1   | Killed a seven-headed hydra
 27710 | Lair:1   | Reached XP level 14. HP: 81/94 MP: 23/23
 28634 | Lair:3   | Found a labyrinth entrance.
 28642 | Lab      | Entered a labyrinth
 28867 | Lab      | Identified the Papyrus of Floating Attacks (You found it in a labyrinth)
 28867 | Lab      | Identified the ring of Klemypha {Str+5 Int+3 Slay+3} (You found it in a labyrinth)
 28884 | Lab      | Identified the ring of Phucvug {SustAb MR++ Slay+4} (You found it in a labyrinth)
 28894 | Lab      | Identified the +0 robe "Wilel" {Str-4 Dex+2} (You found it in a labyrinth)
 28903 | Lab      | Got the cursed pair of gloves of Mnengy {Str-2 Int+5}
 28909 | Lab      | Identified the cursed -3 pair of gloves of Mnengy {Str-2 Int+5} (You found it in a labyrinth)
 28987 | Lair:3   | Found a hole to the Spider Nest.
 29963 | D:12     | Killed a tengu warrior
 29977 | D:13     | Killed a tengu warrior
 29977 | D:13     | Reached skill level 10 in Fighting
 30182 | D:13     | Killed a vault guard
 30272 | D:13     | Noticed Erica
 30275 | D:13     | Killed Erica
 30329 | D:13     | Reached skill level 5 in Long Blades
 30384 | D:13     | Killed a vault guard
 31898 | Spider:1 | Entered Level 1 of the Spider Nest
 32368 | Lair:4   | Learned a level 1 spell: Apportation
 32371 | Lair:4   | Learned a level 2 spell: Blink
 32830 | Lair:4   | Reached skill level 1 in Translocations
 32910 | Lair:4   | Acquired Ashenzari's third power
 32916 | Lair:4   | Reached skill level 1 in Armour
 33687 | Lair:4   | Reached skill level 14 in Stealth
 34228 | Lair:5   | Reached XP level 15. HP: 62/102 MP: 17/25
 34499 | Lair:5   | Reached skill level 1 in Spellcasting
 35822 | Lair:6   | Found a staircase to the Shoals.
 35997 | Lair:6   | Reached skill level 1 in Shields
 36022 | Shoals:1 | Entered Level 1 of the Shoals
 36437 | Lair:8   | Entered Level 8 of the Lair of Beasts
 36762 | Lair:7   | Noticed mauris' ghost (powerful HECj)
 37566 | Orc:4    | Found Eleqepp's Antique Weapon Shoppe.
 37717 | Orc:4    | Found Allajin's Book Shop.
 37767 | Orc:4    | Found a staircase to the Elven Halls.
 37819 | Elf:1    | Entered Level 1 of the Elven Halls
 37994 | Orc:4    | Killed Psyche
 38203 | Orc:4    | Bought a runed blowgun for 77 gold pieces
 38388 | Orc:4    | Found Vyokk's General Store.
 38440 | Orc:4    | Bought a potion of haste for 140 gold pieces
 38440 | Orc:4    | Bought 2 scrolls of teleportation for 84 gold pieces
 38638 | Orc:4    | Killed an orc warlord
 39448 | Orc:3    | Got the cursed demon blade of Klots {vamp, rF++}
 39466 | Orc:3    | Identified the cursed +2 demon blade of Klots {vamp, rF++} (You found it on level 3 of the Orcish Mines)
 39897 | Lair:7   | Reached skill level 5 in Shields
 40442 | Lair:7   | Killed mauris' ghost
 40442 | Lair:7   | Reached skill level 5 in Translocations
 40873 | Lair:8   | Found a runed door.
 41351 | Lair:8   | Found a staircase to the Slime Pits.
 41352 | Lair:8   | Found a viscous altar of Jiyva.
 41549 | Lair:8   | Reached XP level 16. HP: 71/109 MP: 19/27
 42062 | Lair:7   | Reached skill level 15 in Stealth
 42788 | Lair:8   | Identified the +0 chain mail of Bryn Sid {rCorr Int+2}
 43530 | Slime:1  | Entered Level 1 of the Pits of Slime
 44076 | D:13     | Noticed a vault guard
 44116 | D:13     | Killed a vault guard
 44169 | D:13     | Noticed a vault guard
 44181 | D:13     | Noticed a vault guard
 44216 | D:13     | Killed a vault guard
 44234 | D:13     | Killed a vault guard
 44431 | D:15     | Entered Level 15 of the Dungeon
 44593 | D:15     | Acquired Ashenzari's fourth power
 45721 | D:14     | Noticed Maud
 46265 | D:14     | Killed Maud
 47056 | D:15     | Found a staircase to the Depths.
 47073 | Depths:1 | Entered Level 1 of the Depths
 47087 | Depths:1 | Reached XP level 17. HP: 116/116 MP: 26/27
 47173 | Depths:1 | Reached skill level 16 in Stealth
 47289 | D:13     | Killed a vault guard
 47386 | D:13     | Killed a vault guard
 48740 | Spider:1 | Noticed Louise
 48763 | Spider:1 | Killed Louise
 49425 | Spider:2 | Found a frozen archway.
 50513 | Spider:2 | Reached skill level 10 in Long Blades
 50711 | Spider:3 | Paralysed by a red wasp for 4 turns
 51790 | Spider:3 | Reached skill level 15 in Dodging
 53127 | Spider:5 | Entered Level 5 of the Spider Nest
 53272 | Spider:5 | Reached XP level 18. HP: 119/124 MP: 25/28
 54186 | Spider:5 | Reached skill level 17 in Stealth
 56072 | Spider:5 | Got a gossamer rune of Zot
 58222 | Lair:6   | Upgraded the game from 0.16-a0-2757-g883b90a to 0.16-a0-2822-gb1d3efb
 58785 | Shoals:1 | Reached XP level 19. HP: 127/132 MP: 27/29
 59312 | Shoals:2 | Found Boas Bri's Book Shoppe.
 59323 | Shoals:2 | Bought a book of Minor Magic for 340 gold pieces
 59327 | Shoals:2 | Learned a level 2 spell: Repel Missiles
 59620 | Shoals:2 | Reached skill level 1 in Charms
 60067 | Shoals:2 | Reached skill level 1 in Air Magic
 60599 | Shoals:1 | Reached skill level 18 in Stealth
 62715 | Shoals:3 | Found Cuful's Jewellery Shop.
 63116 | Shoals:5 | Entered Level 5 of the Shoals
 63804 | Shoals:5 | Noticed Wiglaf
 63820 | Shoals:5 | Killed Wiglaf
 63973 | Shoals:4 | Noticed Nikola
 64011 | Shoals:4 | Killed Nikola
 65149 | Shoals:5 | Noticed Ilsuiw
 65617 | Shoals:5 | Got a barnacled rune of Zot
 66284 | D:13     | Killed a vault guard
 66294 | Vaults:1 | Entered Level 1 of the Vaults
 66496 | Vaults:1 | Reached skill level 5 in Air Magic
 66627 | Vaults:1 | Reached XP level 20. HP: 141/141 MP: 30/30
 66670 | Vaults:1 | Reached skill level 5 in Charms
 67454 | Vaults:1 | Found a roughly hewn altar of Beogh.
 69690 | Vaults:3 | Reached skill level 15 in Fighting
 69748 | Vaults:3 | Reached skill level 5 in Spellcasting
 70336 | Vaults:2 | Reached XP level 21. HP: 148/148 MP: 31/31
 70692 | Vaults:2 | Found a staircase to the Crypt.
 70700 | Crypt:1  | Entered Level 1 of the Crypt
 70752 | Vaults:2 | Reached skill level 15 in Short Blades
 70846 | Vaults:2 | Found Zaverab's Antique Armour Boutique.
 70929 | Vaults:2 | Bought a transparent cloak for 351 gold pieces
 70929 | Vaults:2 | Identified the cursed +0 cloak of Ocies {Slay+4} (You bought it in a shop on level 2 of the Vaults)
 70938 | Vaults:2 | Bought a sheer robe for 210 gold pieces
 70938 | Vaults:2 | Identified the cursed -2 robe "Yhaugg" {rC+ Str+2} (You bought it in a shop on level 2 of the Vaults)
 72977 | Vaults:4 | Identified the cursed +3 plate armour "Funtuhin" {rCorr Int+1}
 73837 | Vaults:5 | Entered Level 5 of the Vaults
 75030 | Depths:1 | Noticed Mara
 75043 | Depths:1 | Noticed ketsa's illusion
 75257 | Depths:1 | Found a sparkling altar of Nemelex Xobeh.
 75422 | Depths:1 | Found a gateway to a ziggurat.
 75462 | Depths:1 | Reached skill level 10 in Evocations
 75568 | Depths:1 | Reached XP level 22. HP: 137/156 MP: 30/33
 76504 | Depths:1 | Found a gateway to Hell.
 76719 | Depths:3 | Found a one-way gate leading to the halls of Pandemonium.
 78319 | Depths:2 | Identified the ring of Chowangu {+Rage rElec rC+ Int+1}
 80238 | Depths:1 | Reached skill level 5 in Armour
 80434 | Depths:3 | Reached XP level 23. HP: 98/163 MP: 14/34
 80783 | Depths:3 | Upgraded the game from 0.16-a0-2822-gb1d3efb to 0.16-a0-2876-g1f3fc7e
 82356 | Depths:1 | Gained mutation: You are dopey. (Int -2) [a cacodemon]
 83001 | Lair:1   | Learned a level 2 spell: Shroud of Golubria
 83004 | Lair:1   | Learned a level 2 spell: Swiftness
 83008 | Lair:1   | Learned a level 3 spell: Flight
 83013 | Lair:1   | Learned a level 4 spell: Passage of Golubria
 83172 | D:10     | Learned a level 6 spell: Haste
 83355 | Vaults:1 | Learned a level 5 spell: Phase Shift
 83839 | Shoals:3 | Bought an uncursed amulet of resist mutation for 640 gold pieces
 83852 | Shoals:3 | Bought the ring of the Lonely Curses {rPois Slay+4} for 700 gold pieces
 84409 | Depths:1 | Reached skill level 19 in Stealth
 86500 | Depths:4 | Found a one-way gate to the infinite horrors of the Abyss.
 87183 | Depths:4 | Reached XP level 24. HP: 172/172 MP: 35/35
 88632 | Depths:5 | Entered Level 5 of the Depths
 89186 | Depths:5 | Reached skill level 10 in Charms
 89311 | Depths:5 | Identified a scroll of acquirement
 89311 | Depths:5 | Identified the cursed +2 pair of gloves "Komiop" {+Rage rF+ Str+2 Int+1 SInv} (You acquired it on level 5 of the Depths)
 89449 | Depths:5 | Reached skill level 20 in Stealth
 91186 | Crypt:1  | Identified the cursed ring of Usehipt {rC+ Slay-3} (You found it on level 1 of the Crypt)
 91290 | Crypt:1  | Reached skill level 10 in Translocations
 93092 | Elf:1    | Identified the Handbook of Entrancing Combat Magic (You found it on level 1 of the Elven Halls)
 93162 | Elf:1    | Noticed a deep elf sorcerer
 93166 | Elf:1    | Killed a deep elf sorcerer
 93397 | Elf:1    | Found a portal to a secret trove of treasure.
 93699 | Elf:2    | Found Olappual's Armour Boutique.
 93834 | Elf:2    | Found a runed gate.
 93834 | Elf:2    | Found a runed gate.
 93834 | Elf:2    | Found a runed gate.
 93906 | Elf:3    | Entered Level 3 of the Elven Halls
 94104 | Elf:3    | Noticed Norris
 94173 | Elf:3    | Killed Norris
 94298 | Elf:3    | Found Claow's One-of-a-Kind Books.
 94977 | Elf:3    | Gained mutation: Your magical capacity is low (-10% MP). [a cacodemon]
 95614 | Elf:2    | Reached XP level 25. HP: 174/178 MP: 31/31
 96514 | Elf:3    | Identified the +6 fire dragon armour of Articulation {rF++ rC- Int-2}
 97174 | Elf:3    | Identified the +1 scale mail of Nemelex Xobeh's Envy {Int+1 Dex+4}
 97209 | Elf:3    | Identified the Papyrus of Hurtful Flight (You found it on level 3 of the Elven Halls)
 97328 | Elf:3    | Upgraded the game from 0.16-a0-2876-g1f3fc7e to 0.16-a0-2914-g4ae3da0
 97426 | Elf:3    | Gained mutation: You heal slowly when monsters are visible. [a neqoxec]
 99214 | Depths:4 | Identified the ring of the Twelve Souls {Wiz Str+5 Dex+1}
 99218 | Depths:4 | Identified Roxanne's Guide on Ashen Moulding
 99782 | Depths:5 | Reached skill level 10 in Shields
100542 | Depths:5 | Noticed kroki's ghost (mighty FeBe)
101250 | Depths:5 | Upgraded the game from 0.16-a0-2914-g4ae3da0 to 0.16-a0-2939-g3ffa1c3
101409 | Depths:5 | Found a gate to the Realm of Zot.
101815 | Depths:5 | Reached XP level 26. HP: 168/185 MP: 25/32
102476 | Vaults:2 | Bought a slimy ring mail for 333 gold pieces
102476 | Vaults:2 | Identified the cursed +3 ring mail "Phutokk" {+Fly} (You bought it in a shop on level 2 of the Vaults)
102801 | Depths:2 | Got the short sword "Gutaofat" {freeze, +Fly rPois rF++ rC+}
102807 | Depths:2 | Identified the +3 short sword "Gutaofat" {freeze, +Fly rPois rF++ rC+} (You found it on level 2 of the Depths)
103511 | Depths:1 | Noticed ketsa's illusion
103801 | Depths:1 | Noticed ketsa's illusion
104530 | D:14     | Upgraded the game from 0.16-a0-2939-g3ffa1c3 to 0.16-a0-2955-gfa193e0
105087 | Orc:4    | Bought a shimmering scale mail for 270 gold pieces
105087 | Orc:4    | Identified the cursed -5 scale mail "Osyttycku" {rC++ Str+2 Int+4} (You bought it in a shop on level 4 of the Orcish Mines)
105087 | Orc:4    | Identified the cursed -5 scale mail "Osyttycku" {rC++ Str+2 Int+4} (You bought it in a shop on level 4 of the Orcish Mines)
105087 | Orc:4    | Bought a pair of boots for 135 gold pieces
105845 | Crypt:1  | Reached skill level 21 in Stealth
106278 | Crypt:1  | Paralysed by a vampire knight for 2 turns
108115 | Vaults:3 | Upgraded the game from 0.16-a0-2955-gfa193e0 to 0.16-a0-2979-g562a0a4
109943 | Vaults:5 | Got the rapier "Ucusyceb" {holy, rN+}
109944 | Vaults:5 | Identified the -1 rapier "Ucusyceb" {holy, rN+} (You found it on level 5 of the Vaults)
112386 | Vaults:5 | Noticed an ancient lich
112890 | Vaults:4 | Reached XP level 27. HP: 177/190 MP: 31/33
113595 | Vaults:5 | HP: 7/190 [shadow dragon/bolt of negative energy (30)]
114633 | Vaults:5 | Found Lueruezu's Jewellery Shoppe.
114636 | Vaults:5 | Identified the cursed -1 cloak of the Scribe {Int-1 Dex+1}
115102 | Vaults:5 | Reached skill level 22 in Stealth
116263 | Vaults:5 | Got the cursed short sword "Boerraerph" {pierce, rF++ MR+}
116264 | Vaults:5 | Identified the cursed -2 short sword "Boerraerph" {pierce, rF++ MR+} (You found it on level 5 of the Vaults)
116363 | Vaults:5 | Got a silver rune of Zot
117960 | Zot:1    | Entered Level 1 of the Realm of Zot
119529 | Zot:2    | Upgraded the game from 0.16-a0-2979-g562a0a4 to 0.16-a0-3041-gb38e1a0
121215 | Depths:5 | Upgraded the game from 0.16-a0-3041-gb38e1a0 to 0.16-a0-3122-gccf308e
121219 | Depths:5 | Upgraded the game from 0.16-a0-3122-gccf308e to 0.16-a0-3228-ge148b08
125174 | Slime:3  | Gained mutation: You are clumsy. (Dex -2) [a shining eye]
125986 | Slime:1  | Noticed an acid blob
126007 | Slime:1  | Killed an acid blob
126813 | Elf:3    | Reached skill level 15 in Charms
127365 | Lair:1   | Upgraded the game from 0.16-a0-3228-ge148b08 to 0.16-a0-3593-g1073268
130147 | Zot:5    | Entered Level 5 of the Realm of Zot
130223 | Zot:5    | Reached skill level 23 in Stealth
134147 | Zot:5    | Noticed an ancient lich
134348 | Zot:5    | Killed an ancient lich
135131 | Zot:5    | Reached skill level 10 in Spellcasting
135348 | Zot:5    | Got the Orb of Zot
135548 | Zot:1    | Noticed Thrybato the pandemonium lord
135588 | Zot:1    | Noticed a seraph
135660 | Depths:5 | Noticed an ancient lich
135664 | Depths:5 | Noticed Adeokass the pandemonium lord
135758 | Depths:3 | Noticed Clohof the pandemonium lord
136362 | D:$      | Escaped with the Orb!

Action                   |  1- 3 |  4- 6 |  7- 9 | 10-12 | 13-15 | 16-18 | 19-21 | 22-24 | 25-27 || total
-------------------------+-------+-------+-------+-------+-------+-------+-------+-------+-------++-------
Melee: Dagger            |    37 |   238 |   496 |  1765 |   444 |    57 |    54 |   118 |   232 ||  3441
       Short sword       |    62 |    46 |   272 |    33 |  1215 |   662 |       |    48 |   981 ||  3319
       Scimitar          |       |       |       |       |   507 |    99 |     1 |   221 |  3015 ||  3843
       Demon blade       |       |       |       |       |    97 |  1403 |  2450 |  2245 |  1234 ||  7429
       Long sword        |       |       |       |       |       |       |       |    32 |   445 ||   477
       Rapier            |       |       |       |       |       |       |       |       |   253 ||   253
 Fire: Hunting sling     |       |       |    11 |    13 |       |       |       |       |       ||    24
       Blowgun           |       |       |    17 |   133 |    68 |    22 |       |       |       ||   240
Throw: Stone             |     2 |     1 |    11 |     4 |       |       |       |       |       ||    18
 Cast: Apportation       |       |       |       |       |     1 |       |       |       |     3 ||     4
       Repel Missiles    |       |       |       |       |       |       |     4 |     7 |     7 ||    18
       Shroud of Golubri |       |       |       |       |       |       |       |     3 |    29 ||    32
       Phase Shift       |       |       |       |       |       |       |       |     2 |    13 ||    15
       Passage of Golubr |       |       |       |       |       |       |       |     1 |     3 ||     4
       Flight            |       |       |       |       |       |       |       |       |     7 ||     7
       Haste             |       |       |       |       |       |       |       |       |     2 ||     2
       Swiftness         |       |       |       |       |       |       |       |       |     2 ||     2
       Blink             |       |       |       |       |       |       |       |       |     1 ||     1
 Abil: Evoke Invisibilit |       |       |       |       |    12 |     8 |    27 |    18 |    18 ||    83
       Evoke Flight      |       |       |       |       |       |       |       |       |     1 ||     1
Evoke: Wand              |       |       |       |     2 |     7 |     1 |     3 |     4 |    18 ||    35
       Stone of tremors  |       |       |       |       |     1 |       |       |       |     1 ||     2
       Phantom mirror    |       |       |       |       |     1 |       |       |       |     1 ||     2
       Fan of gales      |       |       |       |       |       |       |       |     1 |     1 ||     2
       Phial of floods   |       |       |       |       |       |       |       |       |     1 ||     1
       Sack of spiders   |       |       |       |       |       |       |       |       |     1 ||     1
  Use: Potion            |     1 |       |     7 |     5 |     2 |     8 |     1 |     8 |    20 ||    52
       Scroll            |       |     5 |    19 |     8 |    24 |     4 |    10 |    16 |    34 ||   120
 Stab: Sleeping          |     4 |    12 |    22 |    25 |   131 |   113 |    74 |    78 |    76 ||   535
       Distracted        |       |     1 |       |     7 |    23 |    16 |    11 |    22 |    33 ||   113
       Invisible         |       |       |     1 |       |    33 |     4 |   102 |    62 |    22 ||   224
       Fleeing           |       |       |       |       |     1 |       |       |       |       ||     1
       Petrifying        |       |       |       |       |       |       |     1 |       |       ||     1
  Eat: Chunk             |     1 |    11 |    11 |    20 |    47 |    13 |    45 |    32 |    69 ||   249
       Beef jerky        |       |     1 |     1 |     1 |     1 |     1 |     2 |     1 |     5 ||    13
       Meat ration       |       |       |     1 |     3 |     4 |     4 |     2 |     2 |     1 ||    17
       Royal jelly       |       |       |       |     1 |       |       |       |     2 |     8 ||    11
       Bread ration      |       |       |       |       |     1 |     8 |     2 |    12 |    13 ||    36
       Pizza             |       |       |       |       |       |     3 |     1 |     3 |     3 ||    10
       Fruit             |       |       |       |       |       |     5 |     7 |     2 |     5 ||    19
